 Dungeon Crawl Stone Soup version 0.21-a0-72-gbbb65ab (webtiles) character file.

764 Herrn the Chopper (level 7, -3/66 HPs)
             Began as a Naga Monk on June 20, 2017.
             Was a Believer of Okawaru.
             Slain by Prince Ribbit (13 damage)
             ... on level 5 of the Dungeon.
             The game lasted 00:13:36 (5774 turns).

Herrn the Chopper (Naga Monk)                       Turns: 5774, Time: 00:13:37

Health: -3/66      AC:  6    Str: 14      XL:     7   Next: 81%
Magic:  4/7        EV: 12    Int: 12      God:    Okawaru [**....]
Gold:   205        SH:  5    Dex: 12 (13) Spells: 6/6 levels left

rFire    . . .     SeeInvis +   a - +0 hand axe
rCold    + . .     Gourm    .   w - +0 buckler
rNeg     . . .     Faith    .   m - +0 ring mail {rC+}
rPois    +         Spirit   .   (no helmet)
rElec    .         Reflect  .   (no cloak)
rCorr    .         Harm     .   (no gloves)
MR       .....                  (no barding)
Stlth    +++.......             (no amulet)
HPRegen  0.21/turn              (no ring)
MPRegen  0.10/turn              (no ring)

@: short of breath, heroism, hasted, quick
A: see invisible, deformed body, poison resistance, slowness 2, slow metabolism
1, spit poison 1, subdued magic 1, AC +2
a: Spit Poison, Heroism, Renounce Religion


You were on level 5 of the Dungeon.
You worshipped Okawaru.
Okawaru was pleased with you.
You were hungry.

You visited 1 branch of the dungeon, and saw 5 of its levels.

You collected 205 gold pieces.

Inventory:

Hand Weapons
 a - a +0 hand axe (weapon)
Armour
 b - a +0 robe
 m - a +0 ring mail of cold resistance (worn)
 r - a +2 ring mail of poison resistance
 w - a +0 buckler (worn)
 C - a +3 leather armour
Wands
 l - a wand of acid (8/15)
 D - a wand of flame (36/48)
Scrolls
 f - 4 scrolls of remove curse
 g - 3 scrolls of amnesia {unknown}
 h - a scroll of fear {unknown}
 i - 2 scrolls of teleportation
 q - a scroll of random uselessness {unknown}
 t - 3 scrolls of magic mapping {unknown}
 u - 4 scrolls of identify {unknown}
 y - a scroll of enchant armour {unknown}
 E - a scroll of recharging {unknown}
Potions
 d - a potion of degeneration
 e - a potion of haste
 j - a potion of flight {unknown}
 n - 2 potions of brilliance {unknown}
 o - a potion of magic {unknown}
 p - 3 potions of curing
 v - a potion of lignification {unknown}
 x - 2 potions of cancellation {unknown}
 z - a potion of invisibility {unknown}
 B - a potion of berserk rage {unknown}
 F - a potion of agility {unknown}
Comestibles
 c - 3 bread rations
 k - 4 meat rations
 s - 5 fruits
 A - a royal jelly


   Skills:
 + Level 4.7(9.7) Fighting
 + Level 5.4(10.4) Axes
 + Level 3.6(8.6) Armour
 + Level 3.6(8.6) Dodging
 - Level 3.0(8.0) Stealth
 + Level 1.0(6.0) Shields
 + Level 0.4 Invocations


You had 6 spell levels left.
You didn't know any spells.

Dungeon Overview and Level Annotations

Branches:
Dungeon (5/15)
 Temple: D:4-7

Altars:
Cheibriados
Gozag
Makhleb
Nemelex Xobeh
Okawaru
Ru
The Shining One

Annotations:
D:5 Prince Ribbit


Innate Abilities, Weirdness & Mutations

You cannot wear boots.
Your serpentine skin is tough. (AC +2)
You have supernaturally acute eyesight. (SInv)
Armour fits poorly on your strangely shaped body.
Your system is resistant to poisons. (rPois)
You cover ground very slowly.
You have a slow metabolism.
You can spit poison.
Your spells are a little easier to cast, but a little less powerful.


Message History

Prince Ribbit hits you but does no damage.
It was a potion of curing.
You feel better.
Prince Ribbit hits you but does no damage.
You are too injured to fight recklessly!
You gain the combat prowess of a mighty hero.
Prince Ribbit closely misses you.
You hit Prince Ribbit.
Prince Ribbit is heavily wounded.
Prince Ribbit lets out a mournful croak.
Prince Ribbit hits you!
* * * LOW HITPOINT WARNING * * *
You feel better.
You have got your breath back.
Prince Ribbit hits you.
* * * LOW HITPOINT WARNING * * *
Press: ? - help, Shift-Dir - straight line, f/p - Prince Ribbit
Aim: Prince Ribbit (severely wounded, poisoned)
The splash of poison misses Prince Ribbit.
You feel slightly more hungry. Prince Ribbit hits you!
You die...

##.......##
##....###..##
##....## ##..##
##....## ##..##
#....## ##..##
....## ##..# ...##
##.# ...# #.##
...## # ##@.# ....#
#..###.F.# ......
#.......#
###.###......#.#.##
..... ..>.......#
######..##########
........# ...##...#
...##...#


You could see Prince Ribbit.

Vanquished Creatures
  A sky beast (D:4)
  2 ogres
  A jelly (D:5)
  A gnoll shaman (D:4)
  2 orc wizards
  7 worker ants
  Terence (D:2)
  6 gnolls (D:4)
  5 adders
  4 oozes
  2 worms
  An adder skeleton (D:5)
  A leopard gecko (D:3)
  12 orcs
  A ball python (D:2)
  8 bats
  3 giant cockroaches
  7 goblins
  2 hobgoblins
  3 jackals
  2 quokkas (D:5)
  3 frilled lizards
  2 kobolds
  A leopard gecko skeleton (D:5)
  A quokka skeleton (D:5)
  8 rats
87 creatures vanquished.

Notes
Turn   | Place    | Note
-------+----------+-------------------------------------------
     0 | D:1      | Herrn the Naga Monk began the quest for the Orb.
     0 | D:1      | Reached XP level 1. HP: 21/21 MP: 1/1
   247 | D:1      | Reached XP level 2. HP: 28/28 MP: 2/2
   790 | D:2      | Found a sacrificial altar of Ru.
   801 | D:2      | Reached XP level 3. HP: 28/34 MP: 3/3
   900 | D:2      | Noticed Terence
   910 | D:2      | Killed Terence
   910 | D:2      | Reached XP level 4. HP: 43/43 MP: 4/4
  1194 | D:2      | Found a snail-covered altar of Cheibriados.
  1514 | D:3      | Found a glowing golden altar of the Shining One.
  1537 | D:3      | Reached skill level 4 in Axes
  1699 | D:3      | Reached XP level 5. HP: 45/50 MP: 5/5
  1737 | D:3      | Found a sparkling altar of Nemelex Xobeh.
  2301 | D:4      | Reached skill level 1 in Armour
  2376 | D:3      | Reached XP level 6. HP: 9/57 MP: 6/6
  2700 | D:4      | Found an opulent altar of Gozag.
  2987 | D:4      | Found an iron altar of Okawaru.
  3006 | D:4      | Became a worshipper of Warmaster Okawaru
  3006 | D:4      | Reached * piety under Okawaru
  3006 | D:4      | Reached ** piety under Okawaru
  3935 | D:4      | Reached skill level 5 in Axes
  3935 | D:4      | Reached XP level 7. HP: 13/64 MP: 4/7
  4622 | D:4      | Gained mutation: Your spells are a little easier to cast, but a little less powerful. [mutagenic meat]
  4829 | D:5      | Entered Level 5 of the Dungeon
  5701 | D:5      | Reached skill level 1 in Shields
  5718 | D:5      | Found a burning altar of Makhleb.
  5753 | D:5      | Noticed Prince Ribbit
  5772 | D:5      | HP: 3/66 [Prince Ribbit (11)]
  5774 | D:5      | Slain by Prince Ribbit

Vault maps used:
D:1:      nagdon_arrival_double_spiral
D:2:      nicolae_ru_great_annihilating_truth, lemuel_round_altar, first_bread,
          serial_forest, infiniplex_forest_straight_5,
          infiniplex_forest_clump_tiny, infiniplex_forest_lined_room_2,
          infiniplex_forest_clump_long, infiniplex_forest_clump_small,
          uniq_terence
D:3:      lemuel_crystal_altar, nemelex_dance_club_becter
D:4:      okawaru_altar_gauntlet_db, old_standard_altar
D:5:      kb_forest_paths, basic_altar, nemelex_spade_bored_becter,
          uniq_prince_ribbit1, uniq_pikel, uniq_crazy_yiuf_cottage

Skill      XL: |  1  2  3  4  5  6  7 |
---------------+----------------------+-----
Dodging        | 3 |  3.6
Axes           | 4 5 |  5.4
Armour         | 1 2 3 |  3.6
Fighting       | 4 |  4.7
Shields        | 1 |  1.0
Stealth        | |  3.0
Invocations    | |  0.4

Action                   |  1- 3 |  4- 6 |  7- 9 || total
-------------------------+-------+-------+-------++-------
Melee: Hand axe          |    29 |   144 |    87 ||   260
Invok: Heroism           |       |     1 |     3 ||     4
 Abil: Spit Poison       |    22 |    66 |    16 ||   104
  Use: Scroll            |       |     2 |       ||     2
       Potion            |       |     1 |     3 ||     4
 Stab: Paralysed         |     2 |       |       ||     2
       Sleeping          |     1 |     1 |       ||     2
  Eat: Chunk             |     1 |    11 |     6 ||    18
Armor: Robe              |     6 |       |       ||     6
       Ring mail         |       |    39 |    25 ||    64
Dodge: Dodged            |    22 |    63 |    33 ||   118
Block: Buckler           |       |    17 |    18 ||    35
